 Dungeon Crawl Stone Soup version 0.17.2-1-ge4368a0 (webtiles) character file.

21 ololoev the Skirmisher (level 2, -4/24 HPs)
             Began as a Demonspawn Fighter on Oct 27, 2016.
             Slain by a worm (6 damage)
             ... on level 4 of the Dungeon.
             The game lasted 00:01:51 (188 turns).

ololoev the Skirmisher (Demonspawn Fighter)          Turns: 188, Time: 00:01:51

Health: -4/24      AC:  8    Str: 16    XL:     2   Next: 65%
Magic:  2/2        EV:  6    Int:  9    God:
Gold:   37         SH:  8    Dex: 12    Spells: 0 memorised, 1 level left

rFire  . . .     SeeInvis .     a - +0 war axe
rCold  . . .     Clarity  .     b - +0 scale mail
rNeg   . . .     SustAt   .     c - +0 shield
rPois  .         Gourm    .     (no helmet)
rElec  .         Spirit   .     (no cloak)
rCorr  .         Warding  .     (no gloves)
rMut   .         Stasis   .     (no boots)
MR     +....                    (no amulet)
Stlth  ..........               (no ring)
                                (no ring)

@: somewhat resistant to hostile enchantments, extremely unstealthy
A: yellow scales 1, magic resistance 1, spit poison 1, wild magic 1
a: Spit Poison


Innate Abilities, Weirdness & Mutations

You are partially covered in yellow scales (AC +2).
You are resistant to hostile enchantments.
You can spit weak poison.
Your spells are a little harder to cast, but a little more powerful.

Inventory:

Hand Weapons
 a - a +0 war axe (weapon)
Armour
 b - a +0 scale mail (worn)
 c - a +0 shield (worn)
Scrolls
 f - a scroll of identify
Potions
 d - a potion of might
Comestibles
 e - a bread ration


   Skills:
 + Level 3.2 Fighting
 * Level 2.5 Axes
 + Level 2.9 Armour
 - Level 2.6 Shields


You had one spell level left.
You didn't know any spells.


You were on level 4 of the Dungeon.
You were not hungry.

You visited 1 branch of the dungeon, and saw 4 of its levels.

You collected 37 gold pieces.

......(...
#........
#........
##....... ....
....
#..##.########
#..........[.#
....##w######.###
# #@# #..<# #.#
##### ... #..##
#..# #.># ##.#
..#

Notes
Turn   | Place    | Note
--------------------------------------------------------------
     0 | D:1      | ololoev the Demonspawn Fighter began the quest for the Orb.
     0 | D:1      | Reached XP level 1. HP: 18/18 MP: 1/1
   140 | D:2      | Gained mutation: You are partially covered in yellow scales (AC +2). [demonic ancestry]
   140 | D:2      | Reached XP level 2. HP: 16/24 MP: 2/2
   163 | D:4      | Gained mutation: Your spells are a little harder to cast, but a little more powerful. [potion of mutation]
   163 | D:4      | Gained mutation: You can spit weak poison. [potion of mutation]
   163 | D:4      | Gained mutation: You are resistant to hostile enchantments. [potion of mutation]
   188 | D:4      | Slain by a worm

Dungeon Overview and Level Annotations

Branches:
Dungeon (4/15)
 Temple: D:4-7

Altars:


Message History

The adder is severely wounded.
You block the adder's attack. The adder bites you but does no damage.
You closely miss the adder.
The adder is severely wounded.
The adder bites you. You block the adder's attack.
You miss the adder.
The adder is severely wounded.
You block the adder's attack. The adder closely misses you.
You slash the adder!
You kill the adder!
You slash the worm!
The worm is heavily wounded.
You block the worm's attack.
You slash the worm!
The worm is almost dead.
The worm bites you.
You completely miss the worm.
The worm is almost dead.
You barely miss the worm.
The worm is almost dead.
The worm bites you but does no damage.
You barely miss the worm.
The worm is severely wounded.
You block the worm's attack.
You hit the worm.
The worm is almost dead.
The worm bites you.
Your shield and scale mail prevent you from hitting the worm.
The worm is severely wounded.
You block the worm's attack.
Your shield and scale mail prevent you from hitting the worm.
The worm is severely wounded.
The worm bites you!
You hit the worm.
The worm is severely wounded.
You block the worm's attack.
You barely miss the worm.
The worm is severely wounded.
The worm bites you.
You die...

You could see a worm.

Vanquished Creatures
  An adder (D:4)
  2 hobgoblins
  2 kobolds (D:2)
  4 bats
  2 giant newts (D:1)
11 creatures vanquished.

Action                   || total
-------------------------++-------
Melee: War axe           ||    42
 Abil: Spit Poison       ||     1
  Use: Scroll            ||     1
       Potion            ||     1

Vault maps used:
D:1:      erik_arrival_cave_to_civilisation
D:2:      old_standard_altar, nicolae_ru_the_path_less_chosen, uniq_iyjb
D:3:      grunt_gozag_statues
D:4:      cheibrodos_ashenzari_chains, grunt_qazlal_clouds,
          portal_sewer_entry_e, gup_ossuary_entry_pyramid, serial_shops,
          nicolae_shop_behind_doors, st_stairs_9, uniq_natasha
